Indiana, neutral female gnomish Archeologist ---- |..|---- ---- |..--..-- --- |..| -#......| --.----..| -#......| |...|...--------------------------------- |.......-- ------- -----.............^.........................| --.......| ---- |..|..----.....-....------------...---------------- | |.......-- ..| ---.........................| |...--- |...##...---.-- ---^......----.......------- | ---...|------ --.--|........---.........| --....--- --- |...--.*..| --- ----....G.....>......-- |....| --.----- --.......-|---- |..---.............----....----......---- --........--..| ---- --..............|...^.......|......-- |....---......--- |..............<....--.--.---..--.%-----....| |.^......| ----..............------|.| -----....|....--- |........| --.f.h........-- |.| |.........-- --.......-- |..@e......^.| |.--- |-........| |........| -)...........-- |...| -.......--- --......-- ..--...........| |...| |.....---- |...---- -----.--.---- ----- --.---- ----- ------ -- Indiana the Field Worker Experience level: 3 Strength: 16 Dexterity: 10 Constitution: 11 Intelligence: 8 Wisdom: 16 Charisma: 9 Health: 0(16) Energy: 19(19) Def: 2 Gold: 131 Moves: 920 Dungeon seed: rFiNInCIpRJTXOB7 Game ID: Indiana_1474878499 Your Inventory: Coins $ - 131 gold pieces Weapons a - a +2 bullwhip (weapon in hand) k - 8 +0 elven arrows Armor e - an uncursed +0 leather jacket (being worn) n - an uncursed +0 fedora r - an uncursed +0 orcish helm (being worn) Comestibles b - 2 uncursed food rations l - 2 uncursed eggs p - an uncursed apple Scrolls o - an uncursed scroll of identify Tools c - a +0 pick-axe d - a tinning kit (0:95) f - an uncursed sack g - a magic marker (0:90) j - an uncursed leash (in use) s - an uncursed towel Gems q - an uncursed touchstone y - 2 uncursed worthless pieces of violet glass z - an uncursed jade stone Spells and supernatural/magical abilities: Name Level Category Fail Memory W - pray for help -- divine ? -- Your skills at the end: Fighting Skills Weapon Skills pick-axe [Basic] whip [Basic] Spellcasting Skills Final Attributes: You were piously aligned. You had infravision. You were stealthy. You were fast. You are dead. Vanquished creatures: 2 dwarf zombies 2 coyotes 2 large kobolds 2 giant rats a gnome a gnome zombie 2 geckos a jackal a fox a kobold 2 goblins 4 grid bugs 2 bats 3 lichens 3 kobold zombies 2 newts 31 creatures vanquished. Voluntary challenges: You followed a strict vegan diet. You were an atheist. You used a wielded weapon 29 times, starting on turn 13. You read items or engraved 2 times, starting on turn 688. You never genocided any monsters. You never polymorphed an object. You never changed form. You used no wishes. You never split a pudding. You wrote Elbereth's name 2 times, starting on turn 688. You never violated your personal moral code. Dungeon overview: The Dungeons of Doom: levels 1 to 2 Level 1 a long staircase Level 2 stairs to The Gnomish Mines The Gnomish Mines: levels 3 to 4 Level 3 stairs to The Dungeons of Doom Level 4 <- You were here History has recorded: On T:1 you entered the Dungeons of Doom to retrieve the Amulet of Yendor! On T:199 you advanced to experience level 2. On T:287 you reached level 2 of The Dungeons of Doom. On T:409 you reached level 1 of The Gnomish Mines. On T:438 you advanced to experience level 3. On T:602 you reached level 2 of The Gnomish Mines. Score breakdown: Gold: 131 ( 7213 points) Experience: 3 levels ( 7878 points) Exploration: 4 levels ( 8.70%) ( 7745 points) Discoveries: 0 items ( 0.00%) ( 0 points) Valuables value: (no points given unless you survive) Artifact value: 0 ( 0 points) Variety of kills: 16 monsters ( 4.20%) ( 6147 points) Turncount: 920 turns ( 0 points) Survival: died (score multiplied by 80%) Total score: 23186 Latest messages: The mind flayer concentrates. A wave of psychic energy pours over you! It locks on to the bat. The bat is killed! The mind flayer concentrates. A wave of psychic energy pours over you! The gas spore turns to flee! Pick an object. Gnomish archeologist called Indiana on the floor of a room. You hear crashing rock. The gas spore turns to flee! The mind flayer turns to flee! You hit the mind flayer. You miss the mind flayer. The mind flayer hits! The mind flayer's tentacles suck you! Your brain is eaten! You feel very stupid! The mind flayer's tentacles suck you! Your helmet blocks the attack to your head. The mind flayer's tentacles suck you! Your helmet blocks the attack to your head. You die... The sack is empty. Final status: Goodbye Indiana the Archeologist, killed by a mind flayer... You died in The Gnomish Mines on dungeon level 4 with 23186 points, and 131 pieces of gold, after 920 moves. You were level 3 with a maximum of 16 hit points when you died.